 Dungeon Crawl Stone Soup version 0.20.0-15-g7f486f2 (webtiles) character file.

476 JarielCorvus the Thaumaturge (level 6, -6/32 HPs)
             Began as a Deep Elf Wizard on June 18, 2017.
             Was an Initiate of Vehumet.
             Mangled by Grinder (7 damage)
             ... on level 4 of the Dungeon.
             The game lasted 00:08:17 (3554 turns).

JarielCorvus the Thaumaturge (Deep Elf Wizard)      Turns: 3554, Time: 00:08:18

Health: -6/32      AC:  2    Str:  6    XL:     6   Next: 84%
Magic:  5/19       EV: 13    Int: 25    God:    Vehumet [......]
Gold:   221        SH:  0    Dex: 13    Spells: 11/22 levels left

rFire    . . .     SeeInvis .   g - +0 spear
rCold    . . .     Gourm    .   (no shield)
rNeg     . . .     Faith    .   a - +0 robe
rPois    .         Spirit   .   b - +0 hat
rElec    .         Reflect  .   (no cloak)
rCorr    .         Harm     +   (no gloves)
MR       .....                  (no boots)
Stlth    ++........             m - amulet of harm
Regen    0.1/turn               e - +2 ring of strength
MPRegen  0.2/turn               (no ring)

@: no status effects
A: no striking features
a: Renounce Religion


You were on level 4 of the Dungeon.
You worshipped Vehumet.
Vehumet was noncommittal.
You were not hungry.

You visited 2 branches of the dungeon, and saw 5 of its levels.

You collected 221 gold pieces.

Inventory:

Hand Weapons
 g - a +0 spear (weapon)
Armour
 a - a +0 robe (worn)
 b - a +0 hat (worn)
Jewellery
 e - a +2 ring of strength (left hand)
 m - an amulet of harm (around neck)
Scrolls
 h - 2 scrolls of magic mapping {unknown}
 i - a scroll of identify
 k - a scroll of blinking {unknown}
 l - a scroll of noise {unknown}
Potions
 f - a potion of brilliance
 o - a potion of curing {unknown}
Books
 c - a book of Minor Magic

   Spells                             Type                      Level
   a - Magic Dart                     Conjuration                  1
   b - Blink                          Translocation                2
   c - Call Imp                       Summoning                    2
   d - Slow                           Hexes                        2
   e - Conjure Flame                  Conjuration/Fire             3
   f - Mephitic Cloud                 Conjuration/Poison/Air       3
Comestibles
 d - 4 bread rations
 j - 2 royal jellies
 n - 2 fruits
 p - a chunk of flesh


   Skills:
 - Level 2.4 Dodging
 - Level 2.4 Stealth
 * Level 8.7 Spellcasting
 + Level 4.8 Conjurations
 - Level 1.1 Summonings
 - Level 1.1 Translocations


You had 11 spell levels left.
You knew the following spells:

 Your Spells              Type           Power        Failure   Level  Hunger
a - Magic Dart            Conj           ####         1%          1    None
b - Blink                 Tloc           N/A          5%          2    None
c - Call Imp              Summ           ###.....     5%          2    None
d - Conjure Flame         Conj/Fire      ###.....     6%          3    None
e - Mephitic Cloud        Conj/Pois/Air  ###.....     9%          3    None


Dungeon Overview and Level Annotations

Branches:
Dungeon (4/15)             Temple (1/1) D:4

Altars:
Dithmenos
Elyvilon
Gozag
Kikubaaqudgha
Nemelex Xobeh
Okawaru
Ru
Sif Muna
Trog
Uskayaw
Vehumet
Xom
The Shining One

Annotations:
D:4 Grinder


Message History

Confirm with . or Enter, or press ? or * to list all spells.
Aiming: Magic Dart
Press: ? - help, Shift-Dir - straight line, f/p - Grinder
Aim: Grinder (heavily wounded)
The magic dart hits Grinder.
Grinder is heavily wounded.
Grinder barely misses you.
A gnoll comes into view. It is wielding a whip.
Casting: Magic Dart
Confirm with . or Enter, or press ? or * to list all spells.
Aiming: Magic Dart
Press: ? - help, Shift-Dir - straight line, f/p - Grinder
Aim: Grinder (heavily wounded)
The magic dart hits Grinder.
Grinder is severely wounded.
The gnoll shouts!
Grinder hits you!
* * * LOW HITPOINT WARNING * * *
You writhe in agony.
You die...

#. # #. . .. ## ###
.# #..##### ... ..
#....... #.# ..
........ #.# )#
#.......
#.######))#..#
#.....†.
###+###.....@5o.....
##......
#.....#.######g.#..#
#.##### #.###.#.#
.... ... +.#>'.'.#
#.)# # #.###.### g#
# #.....# #
#.###'### #.......+
#.......#######


You could see Grinder, 2 gnolls and an orc.

Vanquished Creatures
  A necrophage (D:4)
  A phantom (D:4)
  A centaur zombie (D:4)
  A hound (D:4)
  An iguana (D:4)
  2 worker ants (D:4)
  7 adders
  An ooze (D:1)
  2 adder skeletons (D:4)
  2 worms
  2 dart slugs
  2 leopard geckos (D:2)
  8 orcs
  2 ball pythons
  2 giant cockroaches
  5 goblins
  15 hobgoblins
  6 kobolds
  2 quokkas (D:2)
  8 bats
  6 frilled lizards
  6 rats
83 creatures vanquished.

Notes
Turn   | Place    | Note
-------+----------+-------------------------------------------
     0 | D:1      | JarielCorvus the Deep Elf Wizard began the quest for the Orb.
     0 | D:1      | Reached XP level 1. HP: 10/10 MP: 7/7
    85 | D:1      | Reached XP level 2. HP: 15/15 MP: 0/9
   182 | D:1      | Learned a level 2 spell: Blink
   185 | D:1      | Learned a level 2 spell: Call Imp
   426 | D:1      | Reached skill level 5 in Spellcasting
  1146 | D:1      | Reached XP level 3. HP: 19/19 MP: 8/11
  1151 | D:1      | Learned a level 3 spell: Conjure Flame
  1155 | D:1      | Learned a level 3 spell: Mephitic Cloud
  1696 | D:2      | Reached XP level 4. HP: 24/24 MP: 8/13
  1697 | D:2      | Reached skill level 6 in Spellcasting
  2393 | D:3      | Reached XP level 5. HP: 28/28 MP: 10/16
  2744 | D:3      | You fall through a shaft!
  2758 | D:4      | Noticed a necrophage
  2767 | D:4      | Killed a necrophage
  2767 | D:4      | Reached skill level 7 in Spellcasting
  2860 | D:4      | Reached XP level 6. HP: 31/32 MP: 10/18
  2952 | D:4      | Found a sacrificial altar of Ru.
  2990 | D:4      | Reached skill level 8 in Spellcasting
  3419 | D:4      | Found a staircase to the Ecumenical Temple.
  3432 | Temple   | Entered the Ecumenical Temple
  3446 | Temple   | Became a worshipper of Vehumet
  3541 | D:4      | Noticed Grinder
  3554 | D:4      | HP: 1/32 [Grinder (9)]
  3554 | D:4      | Mangled by Grinder

Skill      XL: |  1  2  3  4  5  6 |
---------------+-------------------+-----
Spellcasting   | 5 6 7 8 |  8.7
Conjurations   | 2 3 4 |  4.8
Dodging        | |  2.4
Stealth        | |  2.4
Summonings     | |  1.1
Translocations | |  1.1

Action                   |  1- 3 |  4- 6 || total
-------------------------+-------+-------++-------
Melee: Spear             |       |    11 ||    11
 Cast: Magic Dart        |   100 |   138 ||   238
       Mephitic Cloud    |       |     2 ||     2
       Conjure Flame     |       |     1 ||     1
       Call Imp          |       |     1 ||     1
  Use: Scroll            |     2 |     3 ||     5
       Potion            |       |     1 ||     1
  Eat: Chunk             |     2 |     6 ||     8
Armor: Robe              |     2 |     2 ||     4
Dodge: Dodged            |    13 |    34 ||    47
